 Dungeon Crawl Stone Soup version 0.21-a0-184-g9126a74 (webtiles) character file.

49539 Kurtz the Thaumaturge (level 14, 0/68 HPs)
             Began as a Kobold Ice Elementalist on Aug 11, 2017.
             Was a High Priest of Vehumet.
             Slain by a hell rat (4 damage)
             ... on level 5 of the Lair of Beasts.
             The game lasted 01:18:46 (43679 turns).

Kurtz the Thaumaturge (Kobold Ice Elementalist)    Turns: 43679, Time: 01:18:48

Health: 0/68       AC: 26    Str:  6    XL:     14   Next: 92%
Magic:  53/53      EV:  3    Int: 20    God:    Vehumet [*****.]
Gold:   441        SH:  0    Dex: 16    Spells: 11/41 levels left

rFire    . . .     SeeInvis .   S - staff of power
rCold    + . .     Gourm    .   (shield currently unavailable)
rNeg     + + +     Faith    .   X - +2 troll leather armour {Snorg}
rPois    ∞         Spirit   .   O - +0 helmet
rElec    .         Reflect  .   (no cloak)
rCorr    .         Harm     .   F - +1 pair of gloves
MR       +....                  s - +2 pair of boots
Stlth    +++++.....             M - amulet of magic regeneration
HPRegen  0.61/turn              k - ring of ice
MPRegen  0.58/turn              h - ring of magical power

@: icy armour, petrified, slow
A: iridescent scales 1, yellow scales 1, carnivore 3, fire resistance 1, low mp
1, wild magic 1
a: Renounce Religion


You were on level 5 of the Lair of Beasts.
You worshipped Vehumet.
Vehumet was extremely pleased with you.
You were completely stuffed.

You visited 4 branches of the dungeon, and saw 20 of its levels.
You also visited: Ossuary.

You collected 1061 gold pieces.
You spent 620 gold pieces at shops.

Inventory:

Hand Weapons
 m - a +0 blowgun
Missiles
 n - a throwing net (quivered)
 v - 3 tomahawks of dispersal
 C - 17 curare-tipped needles
Armour
 s - a +2 pair of boots (worn)
 F - a +1 pair of gloves (worn)
 O - a +0 helmet (worn)
 X - a +2 troll leather armour (worn) {Snorg}
Magical Staves
 S - an uncursed staff of power (weapon)
Jewellery
 h - a ring of magical power (right hand)
 k - a ring of ice (left hand)
 M - an amulet of magic regeneration (around neck)
 T - an uncursed ring of flight
 V - a +2 ring of intelligence
Wands
 d - a wand of acid (8/15)
 q - a wand of paralysis (14/24)
 w - a wand of disintegration (0/24)
 x - a wand of paralysis (0/24)
 D - a wand of lightning (10/15)
 J - a wand of digging (8/24)
 W - a wand of lightning (8/15)
 Y - a wand of iceblast (5/15)
Scrolls
 e - 10 scrolls of remove curse
 f - a scroll of vulnerability {unknown}
 g - 3 scrolls of enchant armour
 i - 2 scrolls of fear
 j - 4 scrolls of recharging
 l - a scroll of summoning {unknown}
 p - 3 scrolls of blinking
 u - 10 scrolls of teleportation
 G - 2 scrolls of magic mapping {unknown}
 H - a scroll of brand weapon {unknown}
 P - 3 scrolls of fog {unknown}
Potions
 o - 3 potions of haste
 r - 10 potions of curing
 t - 8 potions of heal wounds
 A - 9 potions of brilliance
 B - 3 potions of invisibility
 E - 4 potions of lignification
 I - a potion of magic
 K - 2 potions of resistance
 L - 2 potions of flight
 Q - 3 potions of agility
 U - a potion of berserk rage {unknown}
Comestibles
 a - 2 chunks of flesh
 c - 7 meat rations
 z - 9 royal jellies


   Skills:
 - Level 4.1 Staves
 * Level 9.1 Dodging
 * Level 11.5 Stealth
 * Level 14.3 Spellcasting
 * Level 9.4 Conjurations
 * Level 3.1 Translocations
 * Level 13.4 Ice Magic


You had 11 spell levels left.
You knew the following spells:

 Your Spells              Type           Power        Failure   Level  Hunger
a - Freeze                Ice            ####         1%          1    None
b - Throw Frost           Conj/Ice       ######       1%          2    None
c - Ozocubu's Armour      Chrm/Ice       ######..     2%          3    None
d - Summon Ice Beast      Ice/Summ       ######..     7%          4    None
e - Throw Icicle          Conj/Ice       #######.     1%          4    None
f - Inner Flame           Hex/Fire       ###.....     8%          3    None
g - Swiftness             Chrm/Air       ###.....     16%         2    None
h - Iskenderun's Mystic   Conj           ######..     1%          4    None
i - Passage of Golubria   Tloc           N/A          26%         4    None
j - Conjure Flame         Conj/Fire      #####...     1%          3    None


Dungeon Overview and Level Annotations

Branches:
Dungeon (12/15)            Temple (1/1) D:7            Lair (6/6) D:8
  Swamp (1/4) Lair:3        Snake (0/4) Lair:3        Slime (0/5) Lair:5
    Orc (0/2) D:9

Altars:
Cheibriados
Dithmenos
Elyvilon
Fedhas
Kikubaaqudgha
Makhleb
Nemelex Xobeh
Okawaru
Qazlal
Ru
Sif Muna
Uskayaw
Vehumet
Xom
Zin
The Shining One

Shops:
D:7 =   D:8 [   D:11 ?}

Annotations:
D:3 exclusion: 3 upstairs
Lair:3 exclusion: downstairs


Innate Abilities, Weirdness & Mutations

You are small and have problems with some larger weapons.
You are carnivorous and can eat meat at any time.
You are partially covered in iridescent scales. (AC +2)
You are partially covered in yellow scales. (AC +2)
Your flesh is heat resistant. (rF+)
Your magical capacity is low. (-10% MP)
Your spells are a little harder to cast, but a little more powerful.


Message History

* * * LOW HITPOINT WARNING * * *
The hell rat bites you.
* * * LOW HITPOINT WARNING * * *
The basilisk gazes at you.
You easily resist.
The spiny frog stings you but does no damage.
The hell rat bites you but does no damage.
The spiny frog stings you but does no damage.
The basilisk bites you!
* * * LOW HITPOINT WARNING * * *
The hell rat bites you but does no damage.
The spiny frog stings you!
* * * LOW HITPOINT WARNING * * *
The hell rat twitches its whiskers.
The hell rat barely misses you.
The basilisk bites you but does no damage.
The spiny frog stings you.
* * * LOW HITPOINT WARNING * * *
The hell rat bites you!
You die...

#P..# #P.....## #....#.#
###P..# ##.....# #....###
#.##P.## #####...## ##..## #
##.....# ##P#..#...##
#..#### ##..#.# #...<.##...#
##....#. ##...# #.....###.##
#....... #P..#
###.#..#.#...# #...PP..
###.## #.#..#.#....##
#....### #.P.#
#.#.PP@....######....# #.PP#
##.PPlrF.....#.#.....##
##..#
#PPPP.......###.#.....# ##.#
#PP....>..........<....
#.####..P#..#P.##.#.....#...
#.........##########...#####
#PP.##..P#.# #....#
##..######### #.#.## #.###
#####


You could see a spiny frog, a basilisk and a hell rat.

Vanquished Creatures
  Erolcha (D:10)
  The ghost of icemanSX the Grappler, a journeyman TrFi of Makhleb (D:10)
  3 hydras
  2 catoblepae
  2 alligators
  5 two-headed ogres
  3 death yaks (Lair:2)
  A queen ant (Lair:3)
  Sonja (D:10)
  A swamp dragon (Lair:3)
  Pikel (D:7)
  A necromancer (Lair:3)
  A deep elf mage (D:12)
  3 cyclopes
  2 ugly things (D:11)
  4 black mambas
  13 spiny frogs
  2 gargoyles
  A rime drake (Lair:5)
  A kobold demonologist (D:11)
  5 komodo dragons
  A troll (D:11)
  10 hippogriffs
  Sigmund (D:6)
  A wraith (D:10)
  25 yaks
  2 wyverns
  A basilisk (Lair:1)
  2 hungry ghosts
  2 steam dragons
  2 vampire mosquitoes
  2 swamp worms (Lair:3)
  Edmund (D:5)
  15 soldier ants (Lair:3)
  3 nagas (Lair:3)
  10 water moccasins
  6 porcupines
  5 orc warriors
  A swamp drake (D:9)
  Duvessa (D:6)
  3 ice beasts
  4 sky beasts
  2 phantoms (D:10)
  4 necrophages
  An eye of draining (D:8)
  7 ogres
  16 wolves
  2 elephant zombies (Lair:3)
  6 centaurs
  9 crocodiles
  2 big kobolds
  A komodo dragon zombie (Lair:3)
  17 bullfrogs
  A water moccasin zombie (D:7)
  Dowan (D:6)
  A wyvern zombie (Ossuary)
  3 scorpions
  10 wights
  4 killer bees
  4 howler monkeys
  5 electric eels
  3 crimson imps
  3 bullfrog zombies
  2 quasits
  A basilisk zombie (Lair:3)
  11 hounds
  3 jellies
  10 orc priests
  10 orc wizards
  2 bullfrog skeletons
  2 centaur skeletons
  A gnoll shaman (D:3)
  6 iguanas
  12 mummies (Ossuary)
  Ijyb (D:3)
  35 worker ants
  A polar bear simulacrum (Lair:2)
  A yak simulacrum (Lair:2)
  4 wolf simulacra (Lair:2)
  A killer bee zombie (D:6)
  A crocodile zombie (Lair:3)
  3 hound zombies
  A hound skeleton (D:9)
  A worker ant zombie (Ossuary)
  7 gnolls
  20 adders
  3 shadow imps
  An ooze (D:2)
  7 adder zombies
  4 adder skeletons
  5 worms
  3 dart slugs
  6 leopard geckos
  45 orcs
  12 bats
  13 giant cockroaches
  17 goblins
  9 hobgoblins
  8 jackals
  2 quokkas
  4 ball pythons
  8 frilled lizards
  A jackal zombie (D:5)
  18 kobolds
  2 leopard gecko skeletons (D:6)
  2 leopard gecko zombies
  15 rats
  3 river rat simulacra (Lair:2)
  A bush (D:7)
579 creatures vanquished.

Vanquished Creatures (collateral kills)
  Snorg (D:10)
  A two-headed ogre (D:8)
  A wizard (D:12)
  A necromancer (Lair:2)
  2 ugly things
  A cyclops (D:11)
  3 spiny frogs
  A rime drake (Lair:4)
  A hippogriff (D:8)
  Prince Ribbit (D:6)
  6 yaks
  3 nagas (Lair:3)
  A porcupine (D:8)
  2 water moccasins
  A sky beast (D:10)
  2 orc warriors (D:9)
  A slave (D:7)
  An ogre (D:7)
  2 wolves (Lair:4)
  3 necrophages (D:7)
  5 bullfrogs
  A quasit (D:7)
  A bullfrog zombie (D:8)
  A centaur zombie (D:8)
  An orc priest (D:9)
  4 mummies (Ossuary)
  An iguana (D:10)
  14 worker ants (Lair:3)
  2 yak simulacra (Lair:2)
  5 orcs
  2 jackals (D:8)
  A jackal zombie (Ossuary)
  3 fungi
  A plant (D:8)
77 creatures vanquished.

Vanquished Creatures (others)
  3 slaves (D:7)
  A bullfrog (D:7)
  3 adders
  An orc (D:7)
  13 fungi
  10 plants
  2 withered plants (Ossuary)
33 creatures vanquished.

Grand Total: 689 creatures vanquished

Notes
Turn   | Place    | Note
-------+----------+-------------------------------------------
     0 | D:1      | Kurtz the Kobold Ice Elementalist began the quest for the Orb.
     0 | D:1      | Reached XP level 1. HP: 10/10 MP: 3/3
   288 | D:1      | Reached XP level 2. HP: 15/15 MP: 1/5
   978 | D:2      | Reached XP level 3. HP: 4/19 MP: 1/6
  1224 | D:2      | Learned a level 2 spell: Throw Frost
  1228 | D:2      | Learned a level 3 spell: Ozocubu's Armour
  1674 | D:2      | Found a sacrificial altar of Ru.
  1910 | D:2      | Reached skill level 3 in Spellcasting
  1910 | D:2      | Reached XP level 4. HP: 8/24 MP: 0/8
  1934 | D:2      | HP: 1/24 [poisoned by an adder]
  2189 | D:2      | Found a shimmering altar of Xom.
  2403 | D:2      | Found a hide-covered altar of Uskayaw.
  3030 | D:3      | Reached XP level 5. HP: 28/28 MP: 7/10
  3170 | D:3      | Found an ancient bone altar of Kikubaaqudgha.
  3321 | D:3      | Found a stormy altar of Qazlal.
  3392 | D:3      | Noticed Ijyb
  3396 | D:3      | Killed Ijyb
  3396 | D:3      | Reached skill level 4 in Spellcasting
  3396 | D:3      | Reached XP level 6. HP: 32/32 MP: 8/12
  3453 | D:3      | Reached skill level 5 in Ice Magic
  5186 | D:4      | Learned a level 4 spell: Summon Ice Beast
  5198 | D:4      | Got a shimmering quarterstaff
  5199 | D:4      | Identified the +7 quarterstaff "Cesa" {protect, +Rage Str+4 Dex+2 Stlth+} (You found it on level 4 of the Dungeon)
  5204 | D:4      | Noticed an ogre
  5212 | D:4      | Noticed an ogre
  5214 | D:4      | Killed an ogre
  5219 | D:4      | Reached XP level 7. HP: 36/36 MP: 5/14
  5223 | D:4      | Reached skill level 1 in Staves
  5223 | D:4      | Reached skill level 5 in Spellcasting
  5334 | D:4      | Found a sand-covered staircase.
  5342 | Ossuary  | Entered an ossuary
  5577 | Ossuary  | Learned a level 4 spell: Throw Icicle
  5620 | Ossuary  | Reached XP level 8. HP: 40/41 MP: 5/16
  6114 | D:4      | Found a sparkling altar of Nemelex Xobeh.
  6156 | D:4      | Reached skill level 6 in Spellcasting
  7591 | D:5      | Entered Level 5 of the Dungeon
  7591 | D:5      | Noticed Edmund
  7604 | D:5      | Killed Edmund
  7984 | D:5      | Reached XP level 9. HP: 45/45 MP: 13/18
  9863 | D:2      | Noticed a catoblepas
 13728 | D:4      | Reached skill level 7 in Spellcasting
 13892 | D:6      | Noticed Prince Ribbit
 13912 | D:6      | Killed Prince Ribbit
 13939 | D:6      | Found a white marble altar of Elyvilon.
 13941 | D:6      | Found a glowing golden altar of the Shining One.
 13954 | D:6      | Noticed Sigmund
 13976 | D:6      | Killed Sigmund
 14146 | D:6      | Noticed a two-headed ogre
 14160 | D:6      | Killed a two-headed ogre
 14160 | D:6      | Reached skill level 5 in Stealth
 14160 | D:6      | Reached skill level 8 in Spellcasting
 14247 | D:6      | Noticed a hippogriff
 14256 | D:6      | Killed a hippogriff
 14256 | D:6      | Reached XP level 10. HP: 47/50 MP: 3/22
 14310 | D:6      | Noticed a two-headed ogre
 14662 | D:6      | Noticed Duvessa
 14685 | D:6      | Killed Duvessa
 14799 | D:6      | Noticed Dowan
 14800 | D:6      | Killed Dowan
 16493 | D:2      | HP: 2/75 [catoblepas (16)]
 16495 | D:2      | Killed a catoblepas
 16495 | D:2      | Reached skill level 9 in Spellcasting
 17244 | D:7      | Found Buzxin's Jewellery Shop.
 17256 | D:7      | Bought an uncursed ring of magical power for 260 gold pieces
 17368 | D:7      | Noticed Pikel
 17380 | D:7      | Killed Pikel
 17619 | D:7      | Found a staircase to the Ecumenical Temple.
 17626 | Temple   | Entered the Ecumenical Temple
 17730 | Temple   | Became a worshipper of Vehumet
 17807 | D:7      | Found a blossoming altar of Fedhas.
 18297 | D:3      | Reached skill level 5 in Conjurations
 18574 | D:7      | Noticed a brown ugly thing
 18597 | D:7      | Killed a brown ugly thing
 18674 | D:7      | Reached XP level 11. HP: 54/54 MP: 24/24
 18705 | D:7      | Found an iron altar of Okawaru.
 19018 | D:7      | Reached * piety under Vehumet
 19018 | D:7      | Offered knowledge of Flame Tongue by Vehumet.
 19383 | D:8      | Reached skill level 5 in Dodging
 19400 | D:8      | Reached skill level 10 in Spellcasting
 22186 | D:8      | Noticed a two-headed ogre
 22219 | D:8      | Killed a two-headed ogre
 22243 | D:8      | Killed a two-headed ogre
 22428 | D:8      | Found a staircase to the Lair.
 22547 | D:8      | Noticed a two-headed ogre
 22553 | D:8      | Killed a two-headed ogre
 22553 | D:8      | Reached skill level 10 in Ice Magic
 22603 | D:8      | Found Zaiq's Antique Armour Shoppe.
 26062 | D:9      | Reached skill level 11 in Spellcasting
 26457 | D:9      | Reached ** piety under Vehumet
 26573 | D:9      | Offered knowledge of Shock by Vehumet.
 26820 | D:9      | Found a staircase to the Orcish Mines.
 27480 | D:3      | Reached XP level 12. HP: 57/59 MP: 27/27
 28452 | D:10     | Entered Level 10 of the Dungeon
 28459 | D:10     | Noticed Sonja
 28475 | D:10     | Killed Sonja
 28523 | D:10     | Noticed icemanSX's ghost (journeyman TrFi)
 28555 | D:10     | Killed icemanSX's ghost
 28584 | D:10     | Gained mutation: You are partially covered in yellow scales. (AC +2) [mutagenic meat]
 28585 | D:10     | Gained mutation: You are dopey. (Int -2) [mutagenic meat]
 28586 | D:10     | Gained mutation: Your spells are a little harder to cast, but a little more powerful. [mutagenic meat]
 28587 | D:10     | Gained mutation: You occasionally shout uncontrollably at your foes. [mutagenic meat]
 28859 | D:10     | Noticed Snorg
 28874 | D:10     | Killed Snorg
 28874 | D:10     | Offered knowledge of Inner Flame by Vehumet.
 29110 | D:10     | Noticed Erolcha
 29113 | D:10     | Killed Erolcha
 30459 | D:10     | Learned a level 3 spell: Inner Flame
 30610 | D:10     | Reached *** piety under Vehumet
 31138 | D:8      | Bought a shiny helmet for 180 gold pieces
 31359 | D:11     | Reached skill level 12 in Spellcasting
 31998 | D:11     | Gained mutation: You are very dopey. (Int -4) [mutagenic meat]
 31999 | D:11     | Gained mutation: You are agile. (Dex +2) [mutagenic meat]
 32146 | Lair:1   | Entered Level 1 of the Lair of Beasts
 32349 | Lair:1   | Learned a level 2 spell: Swiftness
 33133 | Lair:2   | Reached XP level 13. HP: 44/63 MP: 29/29
 33349 | Lair:2   | Noticed a seven-headed hydra
 33589 | Lair:2   | Offered knowledge of Stone Arrow by Vehumet.
 33980 | Lair:2   | Killed a seven-headed hydra
 34199 | D:8      | Bought a pair of runed gloves for 180 gold pieces
 34264 | D:10     | Reached **** piety under Vehumet
 34347 | D:11     | Found Likijyg's Magic Scroll Shoppe.
 34461 | D:11     | Offered knowledge of Iskenderun's Mystic Blast by Vehumet.
 34467 | D:11     | Learned a level 4 spell: Iskenderun's Mystic Blast
 34495 | D:11     | Found Kubaorank's Gadget Boutique.
 34509 | D:11     | Reached skill level 13 in Spellcasting
 34516 | D:11     | Reached skill level 10 in Stealth
 34919 | D:11     | Lost mutation: You occasionally shout uncontrollably at your foes. [mutagenic meat]
 35826 | Lair:3   | Found a staircase to the Snake Pit.
 36508 | Lair:3   | Reached ***** piety under Vehumet
 36590 | Lair:3   | Learned a level 4 spell: Passage of Golubria
 36597 | Lair:3   | Learned a level 3 spell: Conjure Flame
 36622 | Lair:3   | Offered knowledge of Poison Arrow by Vehumet.
 36622 | Lair:3   | Reached XP level 14. HP: 68/68 MP: 31/31
 37206 | Lair:3   | Found a staircase to the Swamp.
 39892 | D:12     | Reached skill level 1 in Translocations
 40291 | Swamp:1  | Entered Level 1 of the Swamp
 40382 | Lair:3   | Reached skill level 14 in Spellcasting
 40418 | Swamp:1  | Noticed a thorn hunter
 41513 | Lair:4   | Offered knowledge of Force Lance by Vehumet.
 41910 | Lair:4   | Lost mutation: You are very dopey. (Int -4) [potion of mutation]
 41910 | Lair:4   | Lost mutation: You are agile. (Dex +2) [potion of mutation]
 41910 | Lair:4   | Lost mutation: You are dopey. (Int -2) [potion of mutation]
 41910 | Lair:4   | Gained mutation: Your flesh is heat resistant. (rF+) [potion of mutation]
 41910 | Lair:4   | Gained mutation: Your magical capacity is low. (-10% MP) [potion of mutation]
 41910 | Lair:4   | Gained mutation: You are partially covered in iridescent scales. (AC +2) [potion of mutation]
 42110 | Lair:5   | Found a staircase to the Slime Pits.
 43615 | Lair:6   | Entered Level 6 of the Lair of Beasts
 43679 | Lair:5   | Slain by a hell rat

Vault maps used:
D:1:      saegor_arrival_simple_a, serial_corexii_hall, corexii_hall_statues_i,
          corexii_hall_statues_deadend, hangedman_abyss_or_decor_stabs
D:2:      cheibrodos_helix_gallery, lemuel_crystal_altar,
          brannock_xom_greatest_gift, lemuel_doored_altar, first_bread
D:3:      nicolae_qazlal_eye_of_the_storm, kiku_gazebo_garden_becter, uniq_ijyb
D:4:      nemelex_xobeh_ov_fountains_minmay, chequers_ossuary_entry_cave
D:5:      uniq_edmund
D:6:      chequers_temple_overflow_statue_of_worship, uniq_prince_ribbit1,
          uniq_duvessa, uniq_sigmund
D:7:      fedhas_altar_decomposition, minmay_temple_entry_nine_rooms,
          serial_shops, shop, kennysheep_okawaru_gauntlet, uniq_pikel
D:8:      grunt_lair_entry_orc_guard_hut, serial_shops, shop
D:9:      erik_orc_1
D:10:     uniq_erolcha, uniq_sonja, uniq_snorg
D:11:     serial_shops, shop, shop, minmay_misc_feat_plants
D:12:     minmay_tri_stars
Temple:   nicolae_temple_figure_eight
Lair:2:   eino_house_with_fridge
Lair:3:   pond_and_an_island_with_a_cottage, minmay_swamp_entry_reptiles,
          minmay_snake_entry_guardpost_large, zaba_anthell
Lair:4:   beast_lair_carwin_7
Lair:5:   slime_dummy, nicolae_quartered_pool_medium
Lair:6:   evilmike_catoblepas_cave, kennysheep_rathole, grunt_megastairs_1
Swamp:1:  infiniplex_staircase_pool, swamp_pool2, grunt_ruined_hall
Ossuary:  ossuary_zaba_flooded

Skill      XL: |  1  2  3  4  5  6  7  8  9 10 11 12 13 14 |
---------------+-------------------------------------------+-----
Ice Magic      | 4 5 6 7 9 10 11 12 13 | 13.4
Spellcasting   | 3 4 5 6 8 9 11 12 13 14 | 14.3
Conjurations   | 2 3 4 5 6 7 8 9 |  9.4
Staves         | 2 4 |  4.1
Stealth        | 5 6 8 9 10 11 | 11.5
Dodging        | 3 4 6 8 9 |  9.1
Translocations | 3 |  3.1

Action                   |  1- 3 |  4- 6 |  7- 9 | 10-12 | 13-15 || total
-------------------------+-------+-------+-------+-------+-------++-------
Melee: Unarmed           |    23 |       |       |       |       ||    23
       Short sword       |    43 |    54 |       |       |       ||    97
       Quarterstaff      |       |     6 |   161 |   182 |       ||   349
       Staff             |       |       |       |     6 |    24 ||    30
 Cast: Freeze            |    47 |    49 |    20 |    51 |    31 ||   198
       Throw Frost       |     8 |    40 |    62 |   105 |   147 ||   362
       Ozocubu's Armour  |       |     4 |    14 |    39 |    25 ||    82
       Summon Ice Beast  |       |       |    12 |    82 |    50 ||   144
       Throw Icicle      |       |       |     1 |   198 |   353 ||   552
       Iskenderun's Myst |       |       |       |       |     4 ||     4
 Abil: Evoke Berserk Rag |       |     1 |     4 |     4 |       ||     9
Evoke: Wand              |       |     2 |     4 |       |     6 ||    12
  Use: Scroll            |       |       |     5 |    12 |     7 ||    24
       Potion            |       |       |     2 |     1 |     2 ||     5
 Stab: Distracted        |     1 |       |     3 |     1 |       ||     5
       Sleeping          |     1 |     1 |     1 |     1 |       ||     4
       Paralysed         |       |       |     3 |       |       ||     3
  Eat: Chunk             |    12 |    12 |    36 |    82 |    35 ||   177
       Royal jelly       |       |       |       |       |     1 ||     1
Armor: Robe              |    10 |    34 |    56 |    62 |       ||   162
       Skin              |       |       |       |     8 |       ||     8
       Troll leather arm |       |       |       |     1 |    67 ||    68
Dodge: Dodged            |    83 |    73 |   105 |   234 |   228 ||   723
